 Dungeon Crawl Stone Soup version 0.27-a0-1200-g94dc6ad (webtiles) character file.

Game seed: 2670790988453588009

4 Meow the Stinger (level 1, 15/15 HPs)
             Began as a Naga Venom Mage on May 31, 2021.
             Quit the game on level 1 of the Dungeon.
             The game lasted 00:01:17 (133 turns).

Meow the Stinger (Naga Venom Mage)                   Turns: 133, Time: 00:01:18

Health: 15/15      AC:  1    Str: 10    XL:     1   Next: 60%
Magic:  3/3        EV:  9    Int: 15    God:
Gold:   46         SH:  0    Dex: 11    Spells: 3/4 levels left

rFire    . . .     SeeInvis +   a - +0 hand axe (freeze)
rCold    . . .     Faith    .   (no shield)
rNeg     . . .     Spirit   .   b - +0 robe
rPois    +         Reflect  .   (no helmet)
rElec    .         Harm     .   (no cloak)
rCorr    .         Rampage  .   (no gloves)
Will     .....                  (no barding)
Stlth    ++........             (no amulet)
HPRegen  0.05/turn              (no ring)
MPRegen  0.08/turn              (no ring)

@: very slow
A: AC +0, large, see invisible, deformed body, poison resistance, slowness 2,
spit poison 1, naga tail 1
a: Spit Poison


You were on level 1 of the Dungeon.
You visited 1 branch of the dungeon, and saw 1 of its levels.

You collected 46 gold pieces.

Inventory:

Hand Weapons
 a - a +0 hand axe of freezing (weapon)
Missiles
 c - 43 bolts
Armour
 b - a +0 robe (worn)


   Skills:
 - Level 1.5 Dodging
 * Level 3.2 Stealth
 * Level 2.1 Spellcasting
 + Level 0.2 Conjurations
 - Level 1.0 Transmutations
 - Level 4.0 Poison Magic


You had 3 spell levels left.
You knew the following spells:

 Your Spells              Type           Power      Damage    Failure   Level
a - Sting                 Tmut/Pois      36%        1d4       8%          1

Your spell library contained the following spells:

 Spells                   Type           Power      Damage    Failure   Level
 Poisonous Vapours        Pois/Air       14%        N/A       14%         2
 Ignite Poison            Fire/Tmut/Pois 6%         N/A       32%         3
 Mephitic Cloud           Conj/Pois/Air  5%         N/A       36%         3
 Olgreb's Toxic Radiance  Pois           13%        N/A       38%         4


Dungeon Overview and Level Annotations

Branches:
Dungeon (1/15)

Altars:


Innate Abilities, Weirdness & Mutations

Your serpentine skin is tough. (AC +0)
You have supernaturally acute eyesight. (SInv)
Armour fits poorly on your strangely shaped body.
Your system is resistant to poisons. (rPois)
You cover ground very slowly.
You can spit poison.
You have a snake-like lower body.


Message History

The splash of poison misses the ball python.
Unknown command.
You have got your breath back.
Press: ? - help, Shift-Dir - straight line, f/p - ball python
Aim: a ball python The splash of poison hits the ball python.
The ball python is poisoned.
You kill the ball python!
Unknown command.
You start waiting.
An endoplasm is nearby!
You have got your breath back.
Press: ? - help, Shift-Dir - straight line, f - endoplasm
Aim: an endoplasm You fail to use your ability.
Unknown command.
Casting: Sting (safe; 8% risk of failure)
Confirm with . or Enter, or press ? or * to list all spells.
Aiming: Sting (safe; 8% risk of failure)
Press: ? - help, Shift-Dir - straight line, f/p - endoplasm
Aim: an endoplasm (97% to hit)
The sting hits the endoplasm.
The endoplasm partially resists.
The endoplasm is lightly wounded.
Unknown command.
You hit the endoplasm. You freeze the endoplasm.
The endoplasm is severely wounded.
The endoplasm completely misses you.
You hit the endoplasm. You freeze the endoplasm.
You kill the endoplasm!
You start resting.
Magic restored.
You see here a ball python corpse.
You now have 32 gold pieces (gained 14).
There is an escape hatch in the floor here.
You now have 46 gold pieces (gained 14).
A bat comes into view.
A bat is nearby!
Unknown command.
A bat is nearby!
Are you sure you want to abandon this character and quit the game? (Confirm with "yes".)

#..##.#
#########..##.#
.......##..##.#
.#####†##..##.# .#
#........# .#
####.#..>## .#
.........# ##
###.#....#########
#.##.#..@...?..b
#.##.###########
###..# ..##.#
....# ####.# #####
#. #. ### #..


You could see a bat (asleep).

Vanquished Creatures
  2 ball pythons (D:1)
  An endoplasm (D:1)
3 creatures vanquished.

Notes
Turn   | Place    | Note
-------+----------+-------------------------------------------
     0 | D:1      | Meow the Naga Venom Mage began the quest for the Orb.
     0 | D:1      | Reached XP level 1. HP: 15/15 MP: 3/3
   133 | D:1      | Quit the game

Illustrated notes

Levels and vault maps discovered:
D:1:      heliophobic_arrival_enchanted_forest, layout_loops_ring

Action                   || total
-------------------------++-------
Melee: Hand axe          ||     2
 Cast: Sting             ||     1
 Abil: Spit Poison       ||     3
Dodge: Dodged            ||     1

Table legend: (Time is in decaauts)
 A = Elapsed time spent in this place.
 B = Non-inter-level travel time spent in this place.
 C = Inter-level travel time spent in this place.
 D = Time resting spent in this place.
 E = Time spent auto-exploring this place.
 F = Levels seen in this place.
 G = Mean time per level.
                   A        B        C        D        E       F      G
               +--------+--------+--------+--------+--------+-----+--------+
         Total |    175 |    175 |      0 |     13 |    127 |   1 |  175.0 |
       Dungeon |    175 |    175 |      0 |     13 |    127 |   1 |  175.0 |
               +--------+--------+--------+--------+--------+-----+--------+

Top non-repeatable levels by time:
     D:1: 175 daAuts
